 Dungeon Crawl Stone Soup version 0.29-a0-1065-g47a6bb87d6 (webtiles) character file.

Game seed: 2895864924045008256

28347 SensoryNuts the Protected (level 13, 0/98 HPs)
             Began as a Demonspawn Fighter on Aug 18, 2022.
             Was an Initiate of Gozag.
             Slain by a six-headed hydra (11 damage)
             ... on level 3 of the Swamp.
             The game lasted 00:26:36 (14228 turns).

SensoryNuts the Protected (Demonspawn Fighter)     Turns: 14228, Time: 00:26:37

Health: 0/98       AC:  8    Str: 36      XL:     13   Next: 9%
Magic:  13/13      EV: 13    Int: 10      God:    Gozag
Gold:   1198       SH: 12    Dex: 17 (18) Spells: 12/12 levels left

rFire   . . .      SeeInvis .   p - +7 dagger of Ipewka {speed, rC+ rN+ Will+ Stlth+}
rCold   + . .      Faith    .   c - +0 buckler
rNeg    + . .      Spirit   .   F - +4 scale mail "Peuva" {Str+8 Slay+5 Stlth-}
rPois   +          Reflect  +   (helmet restricted)
rElec   .          Harm     .   e - +1 cloak {rPois}
rCorr   .          Rampage  .   I - +0 pair of gloves
Will    +....      Rage     3%  (boots unavailable)
Stlth   ++........              l - amulet of reflection
HPRegen 0.26/turn               k - +6 ring of strength
MPRegen 0.13/turn               G - +6 ring of dexterity

@: corroded, gold aura, hasted, invisible, very quick
A: antennae 1, hooves 3, demonic guardian 1, ignite blood 2, weakness stinger 1,
berserk 1, deterioration 1, noise suppression, devolution 1
a: Renounce Religion, Potion Petition, Call Merchant, Bribe Branch


You were on level 3 of the Swamp.
You worshipped Gozag.
Gozag was most pleased with you.
You visited 3 branches of the dungeon, and saw 14 of its levels.

You collected 2374 gold pieces.
You spent 1146 gold pieces at shops.
You paid 30 gold pieces to Gozag.

Inventory:

Hand Weapons
 a - a +2 trident
 f - the +3 hammer "Uqinizat" {vamp, rF+ Int+3}
   (You found it on level 2 of the Dungeon)

   It occasionally heals its wielder for a portion of the damage dealt when it
   wounds a living foe.
   Int:       It affects your intelligence (+3).
   rF:        It protects you from fire.
 p - the +7 dagger of Ipewka (weapon) {speed, rC+ rN+ Will+ Stlth+}
   (You found it on level 7 of the Dungeon)

   Attacks with this weapon are significantly faster.
   rC:        It protects you from cold.
   rN:        It protects you from negative energy.
   Will:      It increases your willpower.
   Stlth:     It makes you more stealthy.
Missiles
 J - 2 throwing nets (quivered)
Armour
 b - a +0 scale mail
 c - a +0 buckler (worn)
 e - a +1 cloak of poison resistance (worn)
 y - the +3 scale mail of Joy {Rampage}
   (You found it on level 5 of the Dungeon)

   Rampage:   It bestows one free step when moving towards enemies.
 z - the +0 scale mail "Bihir" {Int+3}
   (You found it on level 5 of the Dungeon)

   Int:       It affects your intelligence (+3).
 F - the +4 scale mail "Peuva" (worn) {Str+8 Slay+5 Stlth-}
   (You bought it in a shop on level 8 of the Dungeon)

   Str:       It affects your strength (+8).
   Slay:      It affects your accuracy & damage with ranged weapons and melee
   (+5).
   Stlth:     It makes you less stealthy.
 I - a +0 pair of gloves (worn)
Jewellery
 j - a ring of ice
 k - a +6 ring of strength (left hand)
 l - an amulet of reflection (around neck)
 m - a +4 ring of protection
 o - an amulet of the acrobat
 t - a ring of resist corrosion
 v - an amulet of guardian spirit
 G - a +6 ring of dexterity (right hand)
 H - an amulet of regeneration
 N - a +6 ring of dexterity
Wands
 P - a wand of flame (7)
Scrolls
 g - a scroll of noise
 h - 3 scrolls of vulnerability
 n - 2 scrolls of torment
 q - 2 scrolls of brand weapon
 s - 2 scrolls of magic mapping
 w - 2 scrolls of silence
 x - 5 scrolls of poison
 A - 3 scrolls of identify
 D - a scroll of fog
 E - a scroll of blinking
 K - 2 scrolls of enchant weapon
Potions
 d - a potion of curing
 r - a potion of haste
 u - a potion of invisibility
 B - 3 potions of brilliance
 L - a potion of degeneration
 M - a potion of cancellation
 Q - 2 potions of resistance


   Skills:
 + Level 8.3 Fighting
 + Level 8.9 Short Blades
 + Level 6.9 Maces & Flails
 + Level 3.4 Polearms
 + Level 10.3 Armour
 + Level 5.9 Dodging
 + Level 6.3 Stealth
 + Level 9.2 Shields


You had 12 spell levels left.
You didn't know any spells.
Your spell library contained the following spells:

 Spells                   Type           Power      Damage    Failure   Level
 Magic Dart               Conj           0%         1d3       61%         1
 Blink                    Tloc           0%         N/A       75%         2
 Call Imp                 Summ           0%         N/A       75%         2
 Searing Ray              Conj           0%         2d4       75%         2
 Sublimation of Blood     Necr           0%         N/A       75%         2
 Wereblood                Tmut           0%         N/A       75%         2
 Gell's Gravitas          Tloc           0%         N/A       93%         3
 Ignite Poison            Fire/Tmut/Pois 0%         N/A       93%         3
 Lesser Beckoning         Tloc           0%         N/A       93%         3
 Mephitic Cloud           Conj/Pois/Air  0%         N/A       93%         3
 Teleport Other           Tloc           0%         N/A       93%         3
 Fulminant Prism          Conj/Hex       0%         3d6       100%        4
 Petrify                  Tmut/Erth      0%         N/A       100%        4
 Fireball                 Conj/Fire      0%         3d3       100%        5
 Freezing Cloud           Conj/Ice/Air   0%         6-21      100%        5
 Manifold Assault         Tloc           0%         N/A       100%        5
 Metabolic Englaciation   Hex/Ice        0%         N/A       100%        5
 Starburst                Conj/Fire      0%         6d3       100%        6
 Statue Form              Tmut/Erth      0%         N/A       100%        6
 Malign Gateway           Summ/Tloc      0%         N/A       100%        7
 Storm Form               Tmut/Air       0%         N/A       100%        7
 Summon Hydra             Summ           0%         N/A       100%        7
 Ignition                 Fire           0%         3d3       100%        8
 Summon Horrible Things   Summ           0%         N/A       100%        8


Dungeon Overview and Level Annotations

Branches:
Dungeon (9/15)             Temple (0/1) D:7            Lair (2/5) D:8
  Swamp (3/4) Lair:2
  Snake: Lair:2-3    Spider: Lair:2-3       Orc: D:9-12

Altars:
Cheibriados
Dithmenos
Gozag
Hepliaklqana
Kikubaaqudgha
Okawaru
Qazlal
Lugonu

Shops:
D:8 !([

Annotations:
D:7 2 transporters
D:9 Pikel


Innate Abilities, Weirdness & Mutations

You have a pair of small antennae on your head.
You have hooves in place of feet.
A weak demonic guardian rushes to your aid.
Your demonic aura often causes spilled blood to erupt in flames.
You have a small tail.
You sometimes lose your temper in combat.
Your body sometimes deteriorates upon taking damage.
You passively dampen the noise of your surroundings.
You have hidden genetic defects.


Message History

The six-headed hydra bites you.
The six-headed hydra bites you but does no damage. x2
The six-headed hydra barely misses you.
You block the six-headed hydra's attack.
The goliath frog completely misses you.
The seven-headed hydra is engulfed in blazing flames.
You kill the seven-headed hydra!
You feel better.
The six-headed hydra closely misses you.
You block the six-headed hydra's attack.
The six-headed hydra bites you but does no damage.
The six-headed hydra misses you.
The six-headed hydra completely misses you.
The six-headed hydra bites you. You block the goliath frog's attack.
You fade into invisibility!
The alligator is engulfed in blazing flames.
You block the alligator's attack.
The alligator tail-slaps you but does no damage.
The six-headed hydra bites you but does no damage.
The six-headed hydra bites you.
You block the six-headed hydra's attack.
The six-headed hydra bites you but does no damage.
The six-headed hydra closely misses you.
You block the six-headed hydra's attack.
You feel better. The goliath frog hits you from afar! The acid corrodes you!
You are splashed with acid!
* * * LOW HITPOINT WARNING * * *
The alligator is engulfed in blazing flames.
The alligator bites you!
* * * LOW HITPOINT WARNING * * *
The alligator tail-slaps you!
* * * LOW HITPOINT WARNING * * *
Unknown command.
The alligator is engulfed in blazing flames.
You block the six-headed hydra's attack.
The six-headed hydra bites you but does no damage.
The six-headed hydra closely misses you.
The six-headed hydra bites you!
You die...
Your body crumbles into a pile of gold.

♣♣....~.~~♣
♣§.....§.♣♣
♣.~.~~...~♣♣♣
♣♣.♣.~~.....♣♣
♣♣♣~.......~~♣ ♣
♣♣~?.....♣♣...♣ ♣
♣.♣....≈≈≈.....♣♣ ♣
♣♣.♣....≈≈≈≈....♣♣♣ ♣
♣...@♣.≈≈≈≈≈≈...~~♣♣♣
♣.~tD♣..≈≈≈≈≈≈.~..~♣♣
♣..~F....≈≈≈≈≈..~~♣♣♣
♣.~~~...>≈≈≈≈≈≈.~.♣♣♣♣
♣..~~♣...≈≈≈≈≈≈.♣.♣♣♣~
♣.~~.....≈≈≈≈≈≈.♣~.♣~~
♣.~~~~
~§.≈≈≈≈≈.♣♣~.♣♣.
♣.~.~§~ ~.♣♣.≈..♣
♣♣..~≈ ~~~..~~
~/~♣.♣~♣ ♣♣~~~~


You could see an alligator (unable to see you), a six-headed hydra (unable to
see you) and a goliath frog (unable to see you).

Vanquished Creatures
  A thorn hunter (Swamp:2)
  2 eleionomae
  3 bunyips
  The ghost of tatocazan the Spawn of Chaos, a journeyman DsFi of Makhleb (Lair:2)
  Harold (Lair:2)
  A hydra (Swamp:3)
  7 alligators
  Amaemon (Lair:2)
  A goliath frog (Swamp:1)
  A spriggan druid (Swamp:2)
  4 bog bodies
  3 swamp dragons (Swamp:2)
  A will-o-the-wisp (Swamp:1)
  Joseph (D:7)
  A black mamba (Lair:1)
  4 cane toads
  5 komodo dragons
  An orange demon (Lair:2)
  Maggie (Lair:2)
  7 tyrant leeches
  5 blink frogs (Lair:2)
  A basilisk (Lair:2)
  4 yaks (D:8)
  2 wyverns (Lair:1)
  Eustachio (D:6)
  Menkaure (D:6)
  9 swamp worms
  2 hell hounds (Lair:1)
  4 water moccasins
  4 swamp drakes
  3 black bears (D:6)
  2 ice beasts
  6 wolves (Lair:2)
  An ogre (D:4)
  2 centaurs (D:8)
  A phantom (D:4)
  2 kobold brigands (D:7)
  A necrophage (D:6)
  A gnoll sergeant (D:8)
  3 scorpions
  4 bullfrogs
  5 killer bees (D:8)
  2 electric eels (Lair:2)
  2 vampire bats (D:3)
  A hound (D:4)
  3 jellies
  Crazy Yiuf (D:2)
  6 iguanas
  2 orc wizards
  6 hell rats (Lair:1)
  Robin (D:3)
  6 gnolls
  10 adders
  2 shadow imps
  2 white imps
  11 worms
  2 dart slugs (D:1)
  15 orcs
  6 ball pythons
  2 bats
  4 bat skeletons (D:3)
  3 bat zombies (D:3)
  5 endoplasms
  6 giant cockroaches
  10 goblins
  14 hobgoblins
  2 jackals (D:3)
  6 quokkas
  7 frilled lizards
  10 kobolds
  13 rats
  A briar patch (Swamp:2)
272 creatures vanquished.

Vanquished Creatures (collateral kills)
  The ghost of Zonian the Purveyor of Pain, a journeyman DsNe of Kikubaaqudgha (Lair:2)
  A gnoll (D:4)
  A kobold (D:7)
3 creatures vanquished.

Vanquished Creatures (others)
  2 bloated husks
  6 foxfires (Swamp:1)
  2 fungi
  7 plants
17 creatures vanquished.

Grand Total: 292 creatures vanquished

Notes
Turn   | Place    | Note
-------+----------+-------------------------------------------
     0 | D:1      | SensoryNuts the Demonspawn Fighter began the quest for the
                  | Orb.
     0 | D:1      | Reached XP level 1. HP: 18/18 MP: 1/1
   136 | D:1      | Discovered your monstrous ancestry.
   136 | D:1      | Gained mutation: You have large cloven feet. [demonic
                  | ancestry]
   136 | D:1      | Reached XP level 2. HP: 3/24 MP: 2/2
   303 | D:1      | Reached skill level 3 in Armour
   649 | D:1      | Gained mutation: Your demonic aura sometimes causes spilled
                  | blood to erupt in flames. [demonic ancestry]
   649 | D:1      | Reached XP level 3. HP: 29/29 MP: 3/3
   927 | D:1      | Found a faded altar of an unknown god.
  1111 | D:2      | Reached XP level 4. HP: 35/35 MP: 4/4
  1549 | D:2      | Found a runed translucent door.
  1550 | D:2      | Noticed Crazy Yiuf
  1666 | D:2      | Gained mutation: You are clumsy. (Dex -2) [potion of
                  | mutation]
  1666 | D:2      | Gained mutation: You possess an exceptional clarity of
                  | mind. [potion of mutation]
  1671 | D:2      | Lost mutation: You are clumsy. (Dex -2) [potion of
                  | mutation]
  1671 | D:2      | Lost mutation: You possess an exceptional clarity of mind.
                  | [potion of mutation]
  1671 | D:2      | Gained mutation: You have a somewhat thin skeletal
                  | structure. (Dex +2, Stealth+) [potion of mutation]
  1671 | D:2      | Gained mutation: You have hidden genetic potential. [potion
                  | of mutation]
  1671 | D:2      | Gained mutation: You expend magic power (3 MP) to
                  | strengthen your wands. [potion of mutation]
  1747 | D:2      | Killed Crazy Yiuf
  1752 | D:2      | Identified the +3 hammer "Uqinizat" {vamp, rF+ Int+3}
  1866 | D:3      | Found an opulent altar of Gozag.
  1887 | D:3      | Found a hazy altar of Hepliaklqana.
  1981 | D:3      | Noticed Robin
  2004 | D:3      | Killed Robin
  2005 | D:3      | Gained mutation: You have hoof-like feet. [demonic
                  | ancestry]
  2005 | D:3      | Reached XP level 5. HP: 41/41 MP: 5/5
  2046 | D:3      | Became a worshipper of Gozag Ym Sagoz the Greedy
  2181 | D:3      | Found an ancient bone altar of Kikubaaqudgha.
  2189 | D:3      | Reached skill level 1 in Maces & Flails
  2193 | D:3      | Gained mutation: You have a beak for a mouth. [hidden
                  | potential]
  2197 | D:3      | Reached skill level 1 in Dodging
  2454 | D:3      | Gained mutation: A weak demonic guardian rushes to your
                  | aid. [demonic ancestry]
  2454 | D:3      | Reached XP level 6. HP: 48/48 MP: 6/6
  3308 | D:4      | Gained mutation: You have hooves in place of feet. [hidden
                  | potential]
  3308 | D:4      | Lost mutation: You have hidden genetic potential. [hidden
                  | potential expressed]
  3842 | D:4      | Gained mutation: Your demonic aura often causes spilled
                  | blood to erupt in flames. [demonic ancestry]
  3842 | D:4      | Reached XP level 7. HP: 53/53 MP: 7/7
  4042 | D:4      | Reached skill level 4 in Armour
  4291 | D:5      | Entered Level 5 of the Dungeon
  4340 | D:5      | Found an iron altar of Okawaru.
  4858 | D:5      | Identified the +3 scale mail of Joy {Rampage}
  4986 | D:5      | Identified the +0 scale mail "Bihir" {Int+3}
  4991 | D:5      | Found a shadowy altar of Dithmenos.
  5756 | D:6      | Reached XP level 8. HP: 60/60 MP: 8/8
  5786 | D:6      | Reached skill level 1 in Stealth
  5893 | D:6      | Noticed Eustachio
  5899 | D:6      | Reached skill level 5 in Armour
  5917 | D:6      | Killed Eustachio
  5919 | D:6      | Found a stormy altar of Qazlal.
  5997 | D:6      | Reached skill level 5 in Maces & Flails
  6024 | D:6      | Noticed Menkaure
  6032 | D:6      | Killed Menkaure
  6033 | D:6      | Reached skill level 5 in Shields
  6376 | D:7      | Identified the +7 dagger of Ipewka {speed, rC+ rN+ Will+
                  | Stlth+}
  6382 | D:7      | Found a staircase to the Ecumenical Temple.
  6479 | D:7      | Noticed Joseph
  6485 | D:7      | Killed Joseph
  6486 | D:7      | Reached skill level 5 in Fighting
  6486 | D:7      | Gained mutation: You have a small tail. [demonic ancestry]
  6486 | D:7      | Reached XP level 9. HP: 46/68 MP: 9/9
  6563 | D:7      | Found a corrupted altar of Lugonu.
  6563 | D:7      | Noticed a purple ugly thing
  6563 | D:7      | Noticed a red ugly thing
  6563 | D:7      | Noticed a guardian serpent
  6564 | D:7      | Found a transporter.
  6626 | D:7      | Found a transporter.
  6910 | D:8      | Found Pihumm's Distillery.
  6920 | D:8      | Reached skill level 6 in Armour
  6977 | D:8      | Bought a potion of heal wounds for 50 gold pieces
  6977 | D:8      | Bought a potion of heal wounds for 50 gold pieces
  6977 | D:8      | Bought a potion of curing for 30 gold pieces
  6977 | D:8      | Bought a potion of curing for 30 gold pieces
  6977 | D:8      | Bought a potion of curing for 30 gold pieces
  6977 | D:8      | Bought a potion of mutation for 80 gold pieces
  7119 | D:8      | Found Hotir's Armour Emporium.
  7132 | D:8      | Found Hutronut's Weapon Shoppe.
  7492 | D:8      | Found a staircase to the Lair.
  7493 | D:8      | Noticed a komodo dragon
  7729 | D:8      | Found a snail-covered altar of Cheibriados.
  7852 | D:8      | Killed a komodo dragon
  7853 | D:8      | Reached skill level 1 in Short Blades
  7853 | D:8      | Gained mutation: You have a pair of small antennae on your
                  | head. [demonic ancestry]
  7853 | D:8      | Reached XP level 10. HP: 45/76 MP: 10/10
  8137 | D:8      | Bought the +4 scale mail "Peuva" {Str+8 Slay+5 Stlth-} for
                  | 876 gold pieces
  8292 | D:9      | Noticed Pikel
  8315 | Lair:1   | Entered Level 1 of the Lair of Beasts
  8475 | Lair:1   | Noticed a black mamba
  8482 | Lair:1   | Killed a black mamba
  8483 | Lair:1   | Reached skill level 7 in Armour
  8745 | Lair:1   | Noticed a cane toad
  8745 | Lair:1   | Noticed a cane toad
  8751 | Lair:1   | Killed a cane toad
  8758 | Lair:1   | Killed a cane toad
  8984 | Lair:1   | Noticed a cane toad
  8989 | Lair:1   | Killed a cane toad
  9959 | Lair:2   | Found a runed translucent gate.
  9959 | Lair:2   | Found a runed translucent gate.
  9959 | Lair:2   | Found a runed translucent gate.
 10016 | Lair:2   | Reached skill level 8 in Armour
 10016 | Lair:2   | Reached XP level 11. HP: 74/82 MP: 11/11
 10332 | Lair:2   | Noticed Harold
 10340 | Lair:2   | Killed Harold
 10410 | Lair:2   | Noticed Maggie
 10417 | Lair:2   | Killed Maggie
 10460 | Lair:2   | Reached skill level 5 in Short Blades
 10553 | Lair:2   | Noticed Amaemon
 10589 | Lair:2   | Killed Amaemon
 10590 | Lair:2   | Reached skill level 5 in Stealth
 10793 | Lair:2   | Found a staircase to the Swamp.
 10794 | Lair:2   | Noticed a bog body
 10806 | Lair:2   | Killed a bog body
 10824 | Swamp:1  | Entered Level 1 of the Swamp
 10824 | Swamp:1  | Noticed an alligator
 11075 | Lair:2   | Noticed tatocazan's ghost (journeyman DsFi)
 11076 | Lair:2   | Noticed Zonian's ghost (journeyman DsNe)
 11090 | Lair:2   | Killed Zonian's ghost
 11098 | Lair:2   | Killed tatocazan's ghost
 11398 | Swamp:1  | Killed an alligator
 11698 | Swamp:1  | Noticed an alligator
 11711 | Swamp:1  | Killed an alligator
 11712 | Swamp:1  | Reached skill level 9 in Armour
 11712 | Swamp:1  | Noticed an eleionoma
 11721 | Swamp:1  | Noticed a bog body
 11724 | Swamp:1  | Killed an eleionoma
 11725 | Swamp:1  | Reached skill level 5 in Dodging
 11725 | Swamp:1  | Reached XP level 12. HP: 54/91 MP: 12/12
 12303 | Swamp:1  | Noticed a bunyip
 12323 | Swamp:1  | Killed a bunyip
 12474 | Swamp:1  | Noticed an alligator
 12485 | Swamp:1  | Killed an alligator
 12777 | Swamp:2  | Noticed an eleionoma
 12786 | Swamp:2  | Killed an eleionoma
 12796 | Swamp:2  | Noticed an alligator
 12808 | Swamp:2  | Noticed an alligator
 12809 | Swamp:2  | Killed an alligator
 12823 | Swamp:2  | Killed an alligator
 13148 | Swamp:2  | Noticed a bunyip
 13172 | Swamp:2  | Killed a bunyip
 13242 | Swamp:2  | Noticed a thorn hunter
 13267 | Swamp:2  | Killed a thorn hunter
 13268 | Swamp:2  | Reached skill level 10 in Armour
 13577 | Swamp:2  | Noticed a bunyip
 13584 | Swamp:2  | Killed a bunyip
 13940 | Swamp:2  | Noticed an alligator
 13955 | Swamp:2  | Killed an alligator
 13956 | Swamp:2  | Mutation became permanent: You have hoof-like feet.
                  | [demonic ancestry]
 13956 | Swamp:2  | Gained mutation: You have hooves in place of feet. [demonic
                  | ancestry]
 13956 | Swamp:2  | Reached XP level 13. HP: 87/98 MP: 13/13
 14078 | Swamp:2  | Lost mutation: You expend magic power (3 MP) to strengthen
                  | your wands. [potion of mutation]
 14078 | Swamp:2  | Lost mutation: You have a beak for a mouth. [potion of
                  | mutation]
 14078 | Swamp:2  | Gained mutation: You are partially covered in iridescent
                  | scales. (AC +2) [potion of mutation]
 14079 | Swamp:2  | Lost mutation: You are partially covered in iridescent
                  | scales. (AC +2) [potion of mutation]
 14079 | Swamp:2  | Lost mutation: You have a somewhat thin skeletal structure.
                  | (Dex +2, Stealth+) [potion of mutation]
 14079 | Swamp:2  | Gained mutation: You sometimes lose your temper in combat.
                  | [potion of mutation]
 14080 | Swamp:2  | Lost mutation: You sometimes lose your temper in combat.
                  | [potion of mutation]
 14081 | Swamp:2  | Gained mutation: You sometimes lose your temper in combat.
                  | [potion of mutation]
 14081 | Swamp:2  | Gained mutation: You are clumsy. (Dex -2) [potion of
                  | mutation]
 14081 | Swamp:2  | Gained mutation: You occasionally lose the ability to drink
                  | potions when taking damage. [potion of mutation]
 14082 | Swamp:2  | Lost mutation: You occasionally lose the ability to drink
                  | potions when taking damage. [potion of mutation]
 14082 | Swamp:2  | Lost mutation: You sometimes lose your temper in combat.
                  | [potion of mutation]
 14082 | Swamp:2  | Lost mutation: You are clumsy. (Dex -2) [potion of
                  | mutation]
 14082 | Swamp:2  | Gained mutation: You sometimes lose your temper in combat.
                  | [potion of mutation]
 14082 | Swamp:2  | Gained mutation: Your body sometimes deteriorates upon
                  | taking damage. [potion of mutation]
 14082 | Swamp:2  | Gained mutation: Your flesh is cold resistant. (rC+)
                  | [potion of mutation]
 14082 | Swamp:2  | Gained mutation: You are partially covered in iridescent
                  | scales. (AC +2) [potion of mutation]
 14083 | Swamp:2  | Lost mutation: Your flesh is cold resistant. (rC+) [potion
                  | of mutation]
 14083 | Swamp:2  | Lost mutation: You are partially covered in iridescent
                  | scales. (AC +2) [potion of mutation]
 14083 | Swamp:2  | Gained mutation: You have hidden genetic defects. [potion
                  | of mutation]
 14083 | Swamp:2  | Gained mutation: You passively dampen the noise of your
                  | surroundings. [potion of mutation]
 14228 | Swamp:3  | Slain by a six-headed hydra

Illustrated notes

Levels and vault maps discovered:
D:1:      matt_arrival_diagonals, layout_basic,
          dilly_ecumenical_altar_fadedgnrine, serial_park_tiny_2
D:2:      layout_rooms, supply_closet_lemuel, kennysheep_boxes,
          uniq_crazy_yiuf_cottage
D:3:      minmay_skewed_foursquare, layout_loops_ring,
          mainiacjoe_overflow_catwalk_spiral, kennysheep_vampire_church,
          cheibrodos_sewer_entry_bend, uniq_robin
D:4:      layout_gridville
D:5:      layout_cave_pods, mainiacjoe_overflow_small_starburst,
          mainiacjoe_overflow_alcove_4, nicolae_wormholes
D:6:      layout_basic, grunt_qazlal_clouds, uniq_eustachio, uniq_menkaure
D:7:      gammafunk_corrupted_shrine, layout_rooms,
          minmay_temple_entry_junction_2, uniq_joseph
D:8:      layout_cave_pods, mainiacjoe_overflow_alcove_2, david_lair_shrubbed,
          serial_shops, nicolae_shop_bloodbath_and_beyond,
          nicolae_stop_n_shop_1, shop
D:9:      layout_cave_pools, uniq_pikel
Lair:1:   layout_regular_city, enter_volcano_3
Lair:2:   hellmonk_ruined_rings, layout_gridlike,
          nicolae_swamp_entry_splash_gauntlet, gammafunk_ghost_cemetery,
          uniq_harold, uniq_amaemon, uniq_maggie
Swamp:1:  layout_falls_marsh, nicolae_swamp_fairy_circle, swamp_pool4
Swamp:2:  layout_falls_marsh, evilmike_swamp_ruin_house_5, swamp_pool3
Swamp:3:  nicolae_swamp_tree_isthmus, layout_falls_marsh,
          evilmike_swamp_ruin_rubble_2, infiniplex_staircase_pool

Skill      XL: |  1  2  3  4  5  6  7  8  9 10 11 12 |
---------------+-------------------------------------+-----
Armour         | 3 4 5 6 8 9 10 | 10.3
Shields        | 3 4 5 6 7 8 9 |  9.2
Polearms       | 2 3 |  3.4
Maces & Flails | 1 2 4 5 6 |  6.9
Dodging        | 1 2 3 5 |  5.9
Fighting       | 4 5 6 7 8 |  8.3
Stealth        | 2 3 4 5 6 |  6.3
Short Blades   | 1 4 6 8 |  8.9

Action                   |  1- 3 |  4- 6 |  7- 9 | 10-12 | 13-15 || total
-------------------------+-------+-------+-------+-------+-------++-------
Melee: Trident           |   107 |    34 |       |       |       ||   141
       Kick              |     9 |    41 |    92 |   140 |     3 ||   285
       Mace              |       |   157 |   154 |       |       ||   311
       Peck              |       |    18 |    62 |   107 |       ||   187
       Dagger            |       |       |    98 |   371 |    10 ||   479
       Tailslap          |       |       |    23 |    63 |     2 ||    88
  Use: Potion            |     1 |    10 |     4 |     8 |    12 ||    35
       Scroll            |       |     9 |     5 |     4 |       ||    18
 Stab: Sleeping          |       |     1 |     4 |     1 |       ||     6
       Distracted        |       |       |     2 |     4 |       ||     6
       Confused          |       |       |       |     1 |       ||     1
Armor: Scale mail        |    46 |   100 |    62 |    65 |    25 ||   298
Dodge: Dodged            |    34 |    87 |    64 |    88 |    22 ||   295
Block: Buckler           |    14 |   110 |    95 |    96 |    24 ||   339
       Reflection        |       |       |     4 |     2 |       ||     6

Table legend: (Time is in decaauts)
 A = Elapsed time spent in this place.
 B = Non-inter-level travel time spent in this place.
 C = Inter-level travel time spent in this place.
 D = Time resting spent in this place.
 E = Time spent auto-exploring this place.
 F = Levels seen in this place.
 G = Mean time per level.
                   A        B        C        D        E       F      G
               +--------+--------+--------+--------+--------+-----+--------+
         Total |  14239 |  12592 |   1647 |     63 |  10274 |  14 | 1017.1 |
       Dungeon |   8411 |   7290 |   1121 |      0 |   5790 |   9 |  934.6 |
          Lair |   3008 |   2495 |    513 |      0 |   2068 |   2 | 1504.0 |
         Swamp |   2820 |   2807 |     13 |     63 |   2416 |   3 |  940.0 |
               +--------+--------+--------+--------+--------+-----+--------+

Top non-repeatable levels by time:
  Lair:1: 1617 daAuts
     D:3: 1409 daAuts
 Swamp:1: 1394 daAuts
  Lair:2: 1390 daAuts
     D:8: 1372 daAuts
     D:5: 1340 daAuts
 Swamp:2: 1284 daAuts
     D:4: 1092 daAuts
     D:1: 976 daAuts
     D:2: 921 daAuts
     D:6: 760 daAuts
     D:7: 535 daAuts
 Swamp:3: 142 daAuts
     D:9: 1 daAuts
